 Dungeon Crawl Stone Soup version 0.22.1-2-g9c5b331383 (webtiles) character file.

11425 Peloso the Blocker (level 11, -3/95 HPs)
             Began as a Minotaur Fighter on Nov 17, 2018.
             Was a High Priest of Okawaru.
             Slain by a komodo dragon (12 damage)
             ... on level 1 of the Lair of Beasts.
             The game lasted 00:21:49 (9445 turns).

Peloso the Blocker (Minotaur Fighter)               Turns: 9445, Time: 00:21:50

Health: -3/95      AC: 23    Str: 22    XL:     11   Next: 49%
Magic:  8/10       EV:  9    Int:  5    God:    Okawaru [*****.]
Gold:   482        SH: 21    Dex: 12    Spells: 10/10 levels left

rFire    . . .     SeeInvis .   a - +1 falchion (drain)
rCold    . . .     Gourm    .   c - +0 large shield (curse)
rNeg     . . .     Faith    .   x - +0 plate armour
rPois    +         Spirit   .   (helmet restricted)
rElec    .         Reflect  .   u - +0 cloak
rCorr    .         Harm     .   p - +0 pair of gloves
MR       .....                  s - +1 pair of boots
Stlth    ..........             (no amulet)
HPRegen  0.25/turn              P - ring of poison resistance
MPRegen  0.12/turn              r - +3 ring of slaying

@: heroism
A: retaliatory headbutt, horns 2
a: Heroism, Finesse, Renounce Religion


You were on level 1 of the Lair of Beasts.
You worshipped Okawaru.
Okawaru was extremely pleased with you.
You were not hungry.

You visited 3 branches of the dungeon, and saw 13 of its levels.

You collected 638 gold pieces.
You spent 156 gold pieces at shops.

Inventory:

Hand Weapons
 a - a +1 falchion of draining (weapon)
 b - the +3 dagger of Poenyuno {flame, rElec MR+ Str-5 Stlth+}
   (You found it on level 4 of the Dungeon)

   It has been specially enchanted to burn those struck by it, causing extra
   injury to most foes and up to half again as much damage against particularly
   susceptible opponents.
   It affects your strength (-5).
   It insulates you from electricity.
   It affects your resistance to hostile enchantments.
   It makes you more stealthy.
 w - a +0 long sword
Armour
 c - a cursed +0 large shield (worn)
 p - a +0 pair of gloves (worn)
 s - a +1 pair of boots (worn)
 u - a +0 cloak (worn)
 x - a +0 plate armour (worn)
Jewellery
 d - an uncursed ring of ice
 n - an uncursed ring of positive energy
 r - a +3 ring of slaying (right hand)
 y - an uncursed ring of see invisible
 C - an uncursed ring of protection from fire
 G - the ring of Payledac {rC- MP+9 Dex+6}
   (You found it on level 7 of the Dungeon)

   [ring of magical power]

   It affects your dexterity (+6).
   It makes you vulnerable to cold.
   It affects your magic capacity (+9).
 J - an uncursed ring of protection from magic
 P - a ring of poison resistance (left hand)
 Q - a +2 ring of intelligence
Wands
 e - a wand of paralysis (22)
 l - a wand of digging (24)
 A - a wand of iceblast (7)
 H - a wand of random effects (33)
 I - a wand of enslavement (9)
 R - a wand of flame (16)
Scrolls
 g - 4 scrolls of blinking
 h - 4 scrolls of amnesia
 i - 2 scrolls of fear {unknown}
 k - 4 scrolls of remove curse
 o - 2 scrolls of noise
 q - 3 scrolls of teleportation {unknown}
 t - a scroll of fog {unknown}
 D - 2 scrolls of enchant weapon {unknown}
 L - 4 scrolls of identify
 M - a scroll of magic mapping
Potions
 j - 3 potions of mutation
 m - a potion of haste
 v - a potion of heal wounds
 z - 2 potions of invisibility
 B - 5 potions of curing
 E - a potion of berserk rage {unknown}
 F - a potion of flight {unknown}
 K - 2 potions of might
 N - a potion of degeneration {unknown}
 O - a potion of brilliance {unknown}
Comestibles
 f - 16 rations


   Skills:
 + Level 8.7(13.7) Fighting
 + Level 0.3(12.3) Short Blades
 + Level 12.3(17.3) Long Blades
 + Level 10.4(15.4) Armour
 + Level 3.3(8.3) Dodging
 + Level 1.1(6.1) Stealth
 + Level 12.4(17.4) Shields
 + Level 0.8 Invocations
 + Level 0.5 Evocations


You had 10 spell levels left.
You didn't know any spells.
Your spell library contained the following spells:

 Spells                   Type           Power        Failure   Level  Hunger
 Corona                   Hex            #......      100%        1    ##.....
 Ensorcelled Hibernation  Hex/Ice        #.....       100%        2    ###....
 Confuse                  Hex            #.......     100%        3    ####...
 Dazzling Spray           Conj/Hex       #.....       100%        3    ####...
 Tukima's Dance           Hex            #.......     100%        3    ####...
 Cause Fear               Hex            #.........   100%        4    #####..
 Silence                  Hex/Air        #.........   100%        5    ######.
 Yara's Violent Unravell  Hex/Tmut       #.........   100%        5    ######.
 Deflect Missiles         Chrm/Air       #.........   100%        6    #######
 Discord                  Hex            #.........   100%        8    #######


Dungeon Overview and Level Annotations

Branches:
Dungeon (11/15)            Temple (1/1) D:6            Lair (1/6) D:8
    Orc (0/2) D:9

Altars:
Ashenzari
Cheibriados
Dithmenos
Elyvilon
Fedhas
Gozag
Hepliaklqana
Makhleb
Nemelex Xobeh
Okawaru
Qazlal
Ru
Sif Muna
Trog
Uskayaw
Vehumet
Wu Jian
Xom
Yredelemnul
Zin
The Shining One

Shops:
D:8 ?

Annotations:
D:10 3 runed doors, Baz's ghost, novice OgVM


Innate Abilities, Weirdness & Mutations

You reflexively headbutt those who attack you in melee.
You have a pair of horns on your head.


Message History

Unknown command.
You hit the komodo dragon but do no damage.
You drain the komodo dragon!
The komodo dragon is heavily wounded.
The komodo dragon bites you! You block the komodo dragon's attack.
Unknown command.
Your shield and plate armour prevent you from hitting the komodo dragon.
Your headbutt misses the komodo dragon.
The komodo dragon is heavily wounded.
Unknown command.
You gain the combat prowess of a mighty hero.
The komodo dragon bites you.
* * * LOW HITPOINT WARNING * * *
The komodo dragon bites you!!
* * * LOW HITPOINT WARNING * * *
You hear a screech!
You hit the komodo dragon.
The komodo dragon is severely wounded.
The komodo dragon bites you!
You die...

##l ...# .....
..... #. ......
########.#
......###.........
.....tl@#.........
......#l#.........
..... #.#.........
.... #.'.........
... ##..<.......
## ########+##


You could see 2 komodo dragons and a crocodile.

Vanquished Creatures
  2 hydras
  3 two-headed ogres
  Pikel (D:7)
  2 ugly things (D:11)
  A cyclops (D:11)
  A komodo dragon (D:8)
  A troll (D:10)
  A hornet (D:8)
  Sigmund (D:3)
  A wyvern (D:10)
  5 yaks
  A hungry ghost (D:9)
  Menkaure (D:6)
  A porcupine (Lair:1)
  3 ice beasts (D:9)
  3 sky beasts
  A necrophage (D:6)
  2 orc warriors
  7 ogres
  5 centaurs
  A crocodile (D:7)
  4 bullfrogs
  A wyvern zombie (D:8)
  5 scorpions
  5 killer bees (D:10)
  7 wights
  An electric eel (D:9)
  A crimson imp (D:11)
  A lava snake (D:7)
  3 quasits
  A bullfrog skeleton (D:3)
  9 hounds
  3 jellies
  5 orc priests
  Terence (D:3)
  A centaur skeleton (D:4)
  7 orc wizards
  Natasha (thrice) (D:2)
  2 iguanas
  3 worker ants
  A hound zombie (D:6)
  Robin (D:3)
  2 howler monkey zombies
  3 worker ant zombies
  10 adders
  A shadow imp (D:9)
  A white imp (D:9)
  A worker ant simulacrum (D:9)
  An ooze (D:2)
  An adder zombie (D:7)
  2 adder skeletons
  4 worms
  5 dart slugs
  An adder simulacrum (D:9)
  6 leopard geckos
  33 orcs
  4 bats
  2 giant cockroaches
  16 goblins
  9 hobgoblins
  17 jackals
  7 kobolds
  2 quokkas
  4 ball pythons
  6 frilled lizards
  A giant cockroach zombie (D:5)
  A jackal skeleton (D:6)
  A leopard gecko skeleton (D:4)
  8 rats
258 creatures vanquished.

Notes
Turn   | Place    | Note
-------+----------+-------------------------------------------
     0 | D:1      | Peloso the Minotaur Fighter began the quest for the Orb.
     0 | D:1      | Reached XP level 1. HP: 19/19 MP: 0/0
   121 | D:1      | Reached XP level 2. HP: 23/27 MP: 1/1
   512 | D:1      | Reached XP level 3. HP: 27/33 MP: 2/2
   816 | D:2      | Reached XP level 4. HP: 31/41 MP: 3/3
   954 | D:2      | Noticed Natasha
   962 | D:2      | Killed Natasha
  1024 | D:2      | Noticed Natasha
  1039 | D:2      | Killed Natasha
  1039 | D:2      | Reached skill level 5 in Shields
  1312 | D:2      | Noticed Natasha
  1321 | D:2      | Killed Natasha
  1321 | D:2      | Reached XP level 5. HP: 41/47 MP: 4/4
  1600 | D:3      | Reached skill level 1 in Dodging
  1780 | D:3      | Noticed Sigmund
  1784 | D:3      | Killed Sigmund
  1784 | D:3      | Reached XP level 6. HP: 36/53 MP: 5/5
  1945 | D:3      | Found a burning altar of Makhleb.
  1950 | D:3      | Noticed Robin
  1961 | D:3      | Noticed Terence
  1964 | D:3      | Killed Robin
  1982 | D:3      | Killed Terence
  2070 | D:3      | Reached skill level 5 in Armour
  2114 | D:3      | Found a basalt altar of Yredelemnul.
  2115 | D:3      | Found a shattered altar of Ashenzari.
  2141 | D:3      | Found a deep blue altar of Sif Muna.
  2147 | D:3      | Found a hazy altar of Hepliaklqana.
  2219 | D:3      | Found a stormy altar of Qazlal.
  2464 | D:3      | Reached skill level 5 in Long Blades
  2464 | D:3      | Reached XP level 7. HP: 41/60 MP: 6/6
  2783 | D:4      | Found an ornate altar of the Wu Jian Council.
  2898 | D:4      | Got an encrusted dagger
  2904 | D:4      | Identified the +3 dagger of Poenyuno {flame, rElec MR+
                  | Str-5 Stlth+} (You found it on level 4 of the Dungeon)
  2961 | D:4      | Reached skill level 5 in Fighting
  3116 | D:4      | Noticed a two-headed ogre
  3128 | D:4      | Killed a two-headed ogre
  3128 | D:4      | Reached XP level 8. HP: 30/69 MP: 7/7
  3378 | D:5      | Entered Level 5 of the Dungeon
  3827 | D:6      | Found a sacrificial altar of Ru.
  3921 | D:5      | Reached skill level 1 in Stealth
  4142 | D:6      | Reached XP level 9. HP: 75/75 MP: 8/8
  4349 | D:6      | Found a staircase to the Ecumenical Temple.
  4366 | Temple   | Entered the Ecumenical Temple
  4401 | Temple   | Became a worshipper of Warmaster Okawaru
  4537 | D:6      | Found a radiant altar of Vehumet.
  4537 | D:6      | Found a glowing golden altar of the Shining One.
  4665 | D:6      | Noticed Menkaure
  4671 | D:6      | Killed Menkaure
  4885 | D:7      | Reached * piety under Okawaru
  4999 | D:7      | Got a faintly glowing wooden ring
  5098 | D:7      | Noticed Pikel
  5117 | D:7      | Killed Pikel
  5327 | D:7      | Identified the ring of Payledac {rC- MP+9 Dex+6} (You found
                  | it on level 7 of the Dungeon)
  5485 | D:7      | Found a shimmering altar of Xom.
  5801 | D:8      | Found Yfav's Magic Scroll Boutique.
  5922 | D:8      | Bought a scroll of magic mapping for 42 gold pieces
  5922 | D:8      | Bought a scroll of remove curse for 36 gold pieces
  5922 | D:8      | Bought a scroll of identify for 24 gold pieces
  5922 | D:8      | Bought a scroll of random uselessness for 12 gold pieces
  5922 | D:8      | Bought a scroll of immolation for 42 gold pieces
  5928 | D:8      | Reached skill level 10 in Long Blades
  6021 | D:8      | Noticed a two-headed ogre
  6041 | D:7      | Reached ** piety under Okawaru
  6102 | D:8      | Killed a two-headed ogre
  6102 | D:8      | Reached XP level 10. HP: 77/86 MP: 9/9
  6151 | D:8      | Reached skill level 10 in Shields
  6467 | D:8      | Found a staircase to the Lair.
  6575 | D:9      | Noticed a six-headed hydra
  6591 | D:9      | Killed a six-headed hydra
  6591 | D:9      | Reached *** piety under Okawaru
  7062 | D:9      | Found a hide-covered altar of Uskayaw.
  7322 | D:9      | Noticed a two-headed ogre
  7342 | D:9      | Killed a two-headed ogre
  7344 | D:9      | Reached **** piety under Okawaru
  7726 | D:9      | Found a staircase to the Orcish Mines.
  7789 | D:10     | Entered Level 10 of the Dungeon
  7910 | D:10     | Found a runed gate.
  7910 | D:10     | Found a runed gate.
  7910 | D:10     | Found a runed gate.
  7910 | D:10     | Noticed a tengu warrior
  7915 | D:10     | Noticed Baz's ghost (novice OgVM)
  7943 | D:10     | Reached XP level 11. HP: 87/94 MP: 10/10
  8591 | D:11     | Reached skill level 10 in Armour
  8770 | D:11     | Noticed a green ugly thing
  9128 | D:11     | Noticed a brown ugly thing
  9142 | D:11     | Killed a brown ugly thing
  9142 | D:11     | Reached ***** piety under Okawaru
  9246 | D:11     | Killed a green ugly thing
  9401 | Lair:1   | Entered Level 1 of the Lair of Beasts
  9415 | Lair:1   | Noticed a four-headed hydra
  9433 | Lair:1   | Killed a four-headed hydra
  9445 | Lair:1   | Slain by a komodo dragon

Skill      XL: |  1  2  3  4  5  6  7  8  9 10 11 |
---------------+----------------------------------+-----
Fighting       | 4 5 6 7 8 |  8.7
Shields        | 4 5 6 7 8 9 11 12 | 12.4
Armour         | 4 5 6 8 9 10 | 10.4
Long Blades    | 3 4 5 7 8 10 11 12 | 12.3
Dodging        | 1 2 3 |  3.3
Stealth        | 1 |  1.1
Short Blades   | |  0.3
Invocations    | |  0.8
Evocations     | |  0.5

Action                   |  1- 3 |  4- 6 |  7- 9 | 10-12 || total
-------------------------+-------+-------+-------+-------++-------
Melee: Long sword        |   108 |   145 |   267 |   142 ||   662
       Headbutt          |    16 |    22 |    73 |    70 ||   181
       Dagger            |       |       |       |    25 ||    25
       Falchion          |       |       |       |   160 ||   160
Invok: Heroism           |       |       |       |     7 ||     7
Evoke: Wand              |       |       |     2 |     2 ||     4
  Use: Potion            |       |     1 |     1 |       ||     2
       Scroll            |       |       |     6 |     3 ||     9
  Eat: Chunk             |       |     5 |    12 |     8 ||    25
       Ration            |       |       |       |     1 ||     1
Armor: Scale mail        |    48 |    49 |       |       ||    97
       Chain mail        |       |       |    38 |       ||    38
       Plate armour      |       |       |    46 |   133 ||   179
Dodge: Dodged            |    21 |    34 |    30 |    36 ||   121
Block: Shield            |    42 |       |       |       ||    42
       Large shield      |    43 |   128 |   206 |   283 ||   660
       Rpst.: Long sword |     4 |     7 |    10 |     2 ||    23
       Falchion          |       |       |       |     6 ||     6
